 Dungeon Crawl Stone Soup version 0.31-a0-152-g6aa68a64a1 (webtiles) character file.

Game seed: 9396381490221332535

105 qw the Shooter (level 4, 0/38 HPs)
             Began as a Minotaur Hunter on June 10, 2023.
             Shot with a sling bullet by an orc (3 damage)
             ... on level 3 of the Dungeon.
             The game lasted 00:00:35 (1113 turns).

qw the Shooter (Minotaur Hunter)                    Turns: 1113, Time: 00:00:35

Health: 0/38       AC:  4    Str: 16    XL:     4   Next: 54%
Magic:  3/3        EV: 12    Int:  6    God:
Gold:   41         SH:  5    Dex: 15    Spells: 3/3 levels left

rFire   . . .        Y - +0 shortbow
rCold   . . .        (shield currently unavailable)
rNeg    . . .        c - +0 leather armour
rPois   .            (helmet restricted)
rElec   .            (no cloak)
rCorr   .            (no gloves)
SInv    .            e - +0 pair of boots
Will    .....        j - amulet of reflection
Stlth   +            (no ring)
HPRegen 0.26/turn    (no ring)
MPRegen 0.08/turn

%: reflection
@: no status effects
A: horns 2, retaliatory headbutt
a: no special abilities


You were on level 3 of the Dungeon.
You visited 1 branch of the dungeon, and saw 4 of its levels.

You collected 80 gold pieces.
You spent 39 gold pieces at shops.


Innate Abilities, Weirdness & Mutations

You have a pair of horns on your head.
You reflexively headbutt those who attack you in melee.


   Skills:
 + Level 3.0 Fighting
 - Level 6.0 Ranged Weapons
 - Level 2.0 Armour
 - Level 2.1 Dodging
 - Level 0.7 Stealth


You had 3 spell levels left.
You didn't know any spells.
Your spell library was empty.

Inventory:

Hand Weapons
 Y - a +0 shortbow (weapon)
Armour
 c - a +0 leather armour (worn)
 e - a +0 pair of boots (worn)
Jewellery
 j - an amulet of reflection (around neck)
Scrolls
 d - a scroll of identify
Potions
 g - a potion of haste {unknown}
 i - a potion of brilliance {unknown}

Dungeon Overview and Level Annotations

Branches:
Dungeon (4/15)
 Temple: D:4-7

Altars:

Shops:
D:1 !


Message History

You hear a shout!
You shoot an arrow. The arrow barely misses the orc priest.
You hear a shout!
The orc priest invokes the aid of Beogh against you.
Beogh smites you!
You shoot an arrow. The arrow barely misses the orc priest.
The orc priest invokes the aid of Beogh against you.
Beogh smites you!
1105 ||| READING scroll of teleportation.
As you read the scroll of teleportation, it crumbles to dust.
You feel strangely unstable.
The orc priest looks satisfied for a moment.
You shoot an arrow.
The arrow hits the orc priest but does no damage.
The orc priest is lightly wounded.
The orc priest hits you with a +0 whip.
You shoot an arrow.
The arrow closely misses the orc priest.
The arrow hits the orc but does no damage.
Your surroundings suddenly seem different.
An orc comes into view. It is wielding a +0 dagger.
Found 8 gold pieces and a book of Cantrips.
You shoot an arrow.
The arrow hits the orc but does no damage.
The orc shouts!
You shoot an arrow. The arrow hits the orc.
The orc is heavily wounded.
You shoot an arrow. The arrow barely misses the orc.
You shoot an arrow. The arrow hits the orc!
You kill the orc!
A rat comes into view.
You shoot an arrow. The arrow hits the rat!
You kill the rat!
An orc comes into view. It is wielding a +0 sling.
You shoot an arrow. The orc shouts!
The arrow hits the orc.
The orc is heavily wounded.
The orc shoots a sling bullet.
The sling bullet hits you.
You die...

# ######
#...#..¤¤##############
'....$.@¤¤....o.....oo#
#...#¤¤..##.#########o#
# #...... .# #........
.# #..)....... .#
#.......... o#
........... .#
....o.....:. o#


You could see 2 orcs.

Vanquished Creatures
  An orc wizard (D:4)
  2 adders (D:2)
  A worm (D:2)
  3 dart slugs
  4 orcs
  2 endoplasms
  5 giant cockroaches
  2 goblins (D:1)
  3 hobgoblins (D:1)
  4 jackals
  A quokka (D:1)
  3 ball pythons
  4 bats
  2 frilled lizards (D:1)
  5 kobolds
  6 rats
48 creatures vanquished.

Notes
Turn   | Place    | Note
-------+----------+-------------------------------------------
     0 | D:1      | qw the Minotaur Hunter began the quest for the Orb.
     0 | D:1      | Reached XP level 1. HP: 18/18 MP: 0/0
     0 | D:1      | 0 ||| qw: Version: 0.2-a-122-gbc61b45
     0 | D:1      | 0 ||| qw: Game counter: 3493
     0 | D:1      | 0 ||| qw: Always use a shield: true
     0 | D:1      | 0 ||| qw: God list: Okawaru
     0 | D:1      | 0 ||| qw: Allow faded altars: false
     0 | D:1      | 0 ||| qw: Do Orc after D:15 true
     0 | D:1      | 0 ||| qw: Do second Lair branch before Depths: true
     0 | D:1      | 0 ||| qw: Lair rune preference: random
     0 | D:1      | 0 ||| qw: Plans: Normal
     0 | D:1      | 0 ||| PLANNING D:1-11
    39 | D:1      | Reached XP level 2. HP: 25/25 MP: 1/1
    56 | D:1      | Reached skill level 5 in Ranged Weapons
   193 | D:1      | Reached skill level 3 in Fighting
   311 | D:1      | Reached XP level 3. HP: 31/31 MP: 2/2
   745 | D:1      | Found Jinayruw's Distillery.
   753 | D:1      | 753 ||| BUYING potion of curing (39 gold).
   753 | D:1      | Bought a potion of curing for 39 gold pieces
   753 | D:1      | 753 ||| SHOPLISTING potion of haste (130 gold, have 9).
   753 | D:1      | 753 ||| SHOPLISTING potion of might (52 gold, have 9).
   753 | D:1      | 753 ||| UPGRADING to +0 pair of boots.
   758 | D:1      | 758 ||| DROPPING amulet of magic regeneration.
   759 | D:1      | 759 ||| UPGRADING to amulet of reflection.
   764 | D:1      | 764 ||| READING 2 scrolls labelled XUHOUCHUXU.
   768 | D:1      | 768 ||| READING scroll labelled TOUFEH VETI.
   769 | D:1      | 769 ||| READING scroll labelled NUANOT RUJA.
   770 | D:1      | 770 ||| DROPPING scroll of butterflies.
   837 | D:2      | 837 ||| READING scroll labelled YCISAUWNOW.
  1021 | D:2      | Reached XP level 4. HP: 38/38 MP: 3/3
  1025 | D:2      | You fall into a shaft and drop 2 floors!
  1050 | D:4      | Reached skill level 6 in Ranged Weapons
  1058 | D:4      | 1058 ||| DRINKING potion of curing.
  1058 | D:4      | 1058 ||| (to cure confusion)
  1078 | D:4      | 1078 ||| READING scroll labelled MARUNI GYVU.
  1079 | D:4      | 1079 ||| READING scroll labelled ERAPNI MONA.
  1089 | D:3      | Found a faded altar of an unknown god.
  1101 | D:3      | 1101 ||| Stepping ~*~*~tactically~*~*~ (outnumbered).
  1104 | D:3      | HP: 2/38 [orc priest/divine providence (14)]
  1105 | D:3      | 1105 ||| READING scroll of teleportation.
  1113 | D:3      | Shot with a sling bullet by an orc

Levels and vault maps discovered:
D:1:      amcnicky_arrival_choice, layout_basic, serial_shops, shop,
          minmay_parallelograms, roderic_nine_men_s_morris
D:2:      layout_loops_ring, hangedman_glass_teeth, minmay_shallow_snake_nest
D:3:      layout_basic, serial_shops, shop, ebering_ecumenical_altar_mist
D:4:      layout_rooms, makhleb_altar_promises_db,
          minmay_temple_entry_antechambers, corexii_item_surrounded_by_moat

Skill      XL: |  1  2  3  4 |
---------------+-------------+-----
Ranged Weapons | 5 6 |  6.0
Fighting       | 3 |  3.0
Armour         | 2 |  2.0
Dodging        | |  2.1
Stealth        | |  0.7

Action                     |  1- 3 |  4- 6 || total
---------------------------+-------+-------++-------
   Fire: Shortbow          |   107 |    33 ||   140
    Use: Scroll            |     4 |     3 ||     7
         Potion            |       |     1 ||     1
 Armour: Leather armour    |    12 |     1 ||    13
  Dodge: Dodged            |    30 |     3 ||    33
  Block: Other             |     2 |     1 ||     3

Table legend:
 A = Non-vault XP
 B = Vault XP
 C = Vault XP percentage of total XP
 D = Non-vault monster count
 E = Vault monster count
 F = Vault count percentage of total count
                 A         B        C        D         E       F
            +---------+---------+-------+---------+---------+-------
      Total |     151 |       0 |   0.0 |      48 |       0 |   0.0
            +---------+---------+-------+---------+---------+-------
        D:1 |      52 |       0 |   0.0 |      29 |       0 |   0.0
        D:2 |      45 |       0 |   0.0 |      10 |       0 |   0.0
        D:3 |       4 |       0 |   0.0 |       2 |       0 |   0.0
        D:4 |      50 |       0 |   0.0 |       7 |       0 |   0.0
            +---------+---------+-------+---------+---------+-------
